 Dungeon Crawl Stone Soup version 0.26-a0-854-gdc81c2f471 (webtiles) character file.

Game seed: 15966606733494356965

602 Gargoyl the Skirmisher (level 7, -4/60 HPs)
             Began as a Gnoll Abyssal Knight on Nov 23, 2020.
             Was a Priest of Lugonu.
             Killed by divine providence
             ... invoked by an orc priest
              (14 damage)
             ... on level 5 of the Dungeon.
             The game lasted 00:05:57 (4977 turns).

Gargoyl the Skirmisher (Gnoll Abyssal Knight)       Turns: 4977, Time: 00:05:57

Health: -4/60      AC: 11    Str: 17    XL:     7   Next: 41%
Magic:  11/11      EV:  8    Int: 14    God:    Lugonu [***...]
Gold:   247        SH:  7    Dex: 14    Spells: 11/11 levels left

rFire    + . .     SeeInvis +   a - +2 hand axe
rCold    . . .     Faith    .   e - +3 buckler {rF+}
rNeg     . . .     Spirit   .   m - +0 chain mail
rPois    .         Reflect  .   (no helmet)
rElec    .         Harm     .   (no cloak)
rCorr    .         Rampage  .   c - +0 pair of gloves
MR       .....                  (no boots)
Stlth    ..........             (no amulet)
HPRegen  0.20/turn              j - ring of see invisible
MPRegen  0.12/turn              (no ring)

@: lethally poisoned (-4 -> -8)
A: distributed training, fangs 1, strong nose
a: Depart the Abyss, Bend Space, Banish, Renounce Religion


You were on level 5 of the Dungeon.
You worshipped Lugonu.
Lugonu was most pleased with you.
You visited 1 branch of the dungeon, and saw 5 of its levels.
You visited the Abyss 1 time.

You collected 247 gold pieces.

Inventory:

Hand Weapons
 a - a +2 hand axe (weapon)
Missiles
 g - 6 curare-tipped darts (quivered)
 v - 31 poisoned darts
Armour
 c - a +0 pair of gloves (worn)
 e - a +3 buckler of fire resistance (worn)
 m - a +0 chain mail (worn)
Jewellery
 j - a ring of see invisible (left hand)
Wands
 h - a wand of polymorph (8)
 n - a wand of digging (6)
 q - a wand of iceblast (7)
 r - a wand of flame (9)
Scrolls
 i - a scroll of remove curse
 k - a scroll of magic mapping
 l - 2 scrolls of teleportation
 t - a scroll of blinking
Potions
 d - a potion of invisibility
 f - a potion of brilliance
 u - a potion of heal wounds


   Skills:
 + Level 7.0 Fighting
 + Level 2.5 Short Blades
 + Level 2.5 Long Blades
 + Level 5.2 Axes
 + Level 2.5 Maces & Flails
 + Level 2.5 Polearms
 + Level 2.5 Staves
 + Level 2.5 Slings
 + Level 2.5 Bows
 + Level 2.5 Crossbows
 + Level 2.5 Throwing
 + Level 5.2 Armour
 + Level 3.6 Dodging
 + Level 2.5 Stealth
 + Level 2.5 Shields
 + Level 2.5 Unarmed Combat
 + Level 2.5 Spellcasting
 + Level 2.0 Conjurations
 + Level 2.0 Hexes
 + Level 2.0 Summonings
 + Level 2.0 Necromancy
 + Level 2.0 Translocations
 + Level 2.0 Transmutations
 + Level 2.0 Fire Magic
 + Level 2.0 Ice Magic
 + Level 2.0 Air Magic
 + Level 2.0 Earth Magic
 + Level 2.0 Poison Magic
 + Level 5.4 Invocations
 + Level 2.5 Evocations


You had 11 spell levels left.
You didn't know any spells.
Your spell library contained the following spells:

 Spells                   Type           Power        Failure   Level
 Animate Skeleton         Necr           #.....       83%         1
 Pain                     Necr           #...         83%         1
 Vampiric Draining        Necr           #.........   99%         3
 Animate Dead             Necr           #.........   100%        4
 Agony                    Necr           #.......     100%        5


Dungeon Overview and Level Annotations

Branches:
Dungeon (5/15)
 Temple: D:4-7

Altars:
Cheibriados
Qazlal
Yredelemnul


Innate Abilities, Weirdness & Mutations

Your experience applies equally to all skills.
You have very sharp teeth.
Your uncanny sense of smell can sniff out nearby items.


Message History

You feel sick.
The orc priest hits you but does no damage.
The orc hits you but does no damage.
You barely miss the orc. Your bite misses the orc.
The orc is heavily wounded.
You hit the orc priest but do no damage.
You feel sick. The orc priest barely misses you.
The orc hits you but does no damage.
You barely miss the orc priest.
You bite the orc priest, but do no damage.
The orc priest is moderately wounded.
You closely miss the orc.
You feel sick. You block the orc priest's attack.
The orc hits you but does no damage.
Unknown command.
You hit the orc priest. Your bite misses the orc priest.
The orc priest is heavily wounded.
You closely miss the orc.
You feel sick.
The orc priest calls down the wrath of Beogh upon you.
Beogh smites you!
You die...

.. . .#. ### ##.#.
..##+# #... #.##.# #..#
#.##.# #..# #.##.##
#..##### #.#...##
#<...<..
#.##.##@)....####.######
#.....oo#.........#
####.####...####### #
#..#..# ...###.# ###. .#
## ##


You could see an orc priest and an orc.

Vanquished Creatures
  Menkaure (D:4)
  7 orc wizards
  2 iguanas (D:4)
  Terence (D:2)
  A worker ant (D:4)
  4 gnolls (D:4)
  A howler monkey skeleton (D:4)
  5 adders
  An adder zombie (D:3)
  2 worms
  3 dart slugs
  3 leopard geckos
  11 orcs
  12 bats
  4 giant cockroaches (D:1)
  10 hobgoblins
  2 jackals (D:2)
  10 kobolds
  3 quokkas
  4 frilled lizards
  3 goblins
  9 rats
99 creatures vanquished.

Notes
Turn   | Place    | Note
-------+----------+-------------------------------------------
     0 | Abyss:1  | Gargoyl the Gnoll Abyssal Knight began the quest for the
                  | Orb.
     0 | Abyss:1  | Reached XP level 1. HP: 23/23 MP: 3/3
   254 | Abyss:1  | Noticed a neqoxec
   258 | Abyss:2  | Found a corrupted altar of Lugonu.
   268 | Abyss:2  | Noticed a hellephant
   319 | Abyss:3  | Noticed a hell hound
   321 | Abyss:3  | Noticed a hell hound
   324 | D:1      | Escaped the Abyss
   627 | D:1      | Reached XP level 2. HP: 29/29 MP: 5/5
   644 | D:1      | Reached * piety under Lugonu
   841 | D:1      | Reached XP level 3. HP: 35/35 MP: 6/6
  1065 | D:1      | You fall into a shaft and drop 1 floor!
  1115 | D:2      | Found a snail-covered altar of Cheibriados.
  1249 | D:2      | Found a stormy altar of Qazlal.
  1250 | D:2      | Noticed Terence
  1264 | D:2      | Killed Terence
  1265 | D:2      | Reached skill level 1 in Short Blades
  1265 | D:2      | Reached skill level 1 in Long Blades
  1265 | D:2      | Reached skill level 1 in Maces & Flails
  1265 | D:2      | Reached skill level 1 in Polearms
  1265 | D:2      | Reached skill level 1 in Staves
  1265 | D:2      | Reached skill level 1 in Slings
  1265 | D:2      | Reached skill level 1 in Bows
  1265 | D:2      | Reached skill level 1 in Crossbows
  1265 | D:2      | Reached skill level 1 in Throwing
  1265 | D:2      | Reached skill level 1 in Stealth
  1265 | D:2      | Reached skill level 1 in Shields
  1265 | D:2      | Reached skill level 1 in Unarmed Combat
  1265 | D:2      | Reached skill level 1 in Spellcasting
  1265 | D:2      | Reached skill level 1 in Evocations
  1265 | D:2      | Reached XP level 4. HP: 32/41 MP: 7/7
  1497 | D:2      | Reached ** piety under Lugonu
  1855 | D:2      | Reached skill level 1 in Conjurations
  1855 | D:2      | Reached skill level 1 in Hexes
  1855 | D:2      | Reached skill level 1 in Summonings
  1855 | D:2      | Reached skill level 1 in Necromancy
  1855 | D:2      | Reached skill level 1 in Translocations
  1855 | D:2      | Reached skill level 1 in Transmutations
  1855 | D:2      | Reached skill level 1 in Fire Magic
  1855 | D:2      | Reached skill level 1 in Ice Magic
  1855 | D:2      | Reached skill level 1 in Air Magic
  1855 | D:2      | Reached skill level 1 in Earth Magic
  1855 | D:2      | Reached skill level 1 in Poison Magic
  3027 | D:3      | Reached XP level 5. HP: 47/47 MP: 8/8
  3405 | D:3      | Found a transporter.
  3408 | D:3      | Found a transporter.
  3413 | D:3      | Found a basalt altar of Yredelemnul.
  3966 | D:4      | Reached skill level 5 in Invocations
  3966 | D:4      | HP: 1/70 [iguana (7)]
  3967 | D:4      | Reached XP level 6. HP: 1/53 MP: 9/9
  3970 | D:4      | Reached skill level 5 in Axes
  3970 | D:4      | Reached skill level 5 in Armour
  4509 | D:4      | Noticed Menkaure
  4525 | D:4      | Reached *** piety under Lugonu
  4528 | D:4      | Killed Menkaure
  4529 | D:4      | Reached skill level 7 in Fighting
  4529 | D:4      | Reached XP level 7. HP: 44/60 MP: 10/10
  4938 | D:5      | Entered Level 5 of the Dungeon
  4977 | D:5      | Killed from afar by an orc priest

Illustrated notes

Levels and vault maps discovered:
D:1:      co_arrival_random_square_maze, layout_basic, st_stairs_10,
          hangedman_decor_peaks_small, wad_floor_pattern_untrapped,
          minmay_misc_feat_x
D:2:      layout_basic, grunt_qazlal_clouds, kennysheep_another_room,
          kennysheep_slug_shrine, uniq_terence
D:3:      layout_basic, gammafunk_temple_overflow_arena,
          kennysheep_generic_room_12
D:4:      layout_cave_pools, uniq_menkaure
D:5:      layout_loops_corners, minmay_temple_entry_stoned_glass,
          gup_sewer_entry_pipe

Skill      XL: |  1  2  3  4  5  6  7 |
---------------+----------------------+-----
Short Blades   | 1 2 |  2.5
Long Blades    | 1 2 |  2.5
Maces & Flails | 1 2 |  2.5
Polearms       | 1 2 |  2.5
Staves         | 1 2 |  2.5
Slings         | 1 2 |  2.5
Bows           | 1 2 |  2.5
Crossbows      | 1 2 |  2.5
Throwing       | 1 2 |  2.5
Stealth        | 1 2 |  2.5
Shields        | 1 2 |  2.5
Unarmed Combat | 1 2 |  2.5
Spellcasting   | 1 2 |  2.5
Evocations     | 1 2 |  2.5
Conjurations   | 1 2 |  2.0
Hexes          | 1 2 |  2.0
Summonings     | 1 2 |  2.0
Necromancy     | 1 2 |  2.0
Translocations | 1 2 |  2.0
Transmutations | 1 2 |  2.0
Fire Magic     | 1 2 |  2.0
Ice Magic      | 1 2 |  2.0
Air Magic      | 1 2 |  2.0
Earth Magic    | 1 2 |  2.0
Poison Magic   | 1 2 |  2.0
Dodging        | 3 |  3.6
Invocations    | 5 |  5.4
Axes           | 5 |  5.2
Armour         | 5 |  5.2
Fighting       | 7 |  7.0

Action                   |  1- 3 |  4- 6 |  7- 9 || total
-------------------------+-------+-------+-------++-------
Melee: Hand axe          |    71 |   178 |    23 ||   272
       Bite              |     8 |    19 |     3 ||    30
Invok: Depart the Abyss  |     1 |       |       ||     1
  Use: Scroll            |       |     9 |     1 ||    10
       Potion            |       |    10 |       ||    10
 Stab: Invisible         |       |     3 |       ||     3
Armor: Leather armour    |    24 |       |       ||    24
       Scale mail        |       |    70 |       ||    70
       Skin              |       |    20 |       ||    20
       Chain mail        |       |       |    11 ||    11
Dodge: Dodged            |    69 |   116 |     4 ||   189
Block: Buckler           |    19 |    73 |     6 ||    98

Table legend: (Time is in decaauts)
 A = Elapsed time spent in this place.
 B = Non-inter-level travel time spent in this place.
 C = Inter-level travel time spent in this place.
 D = Time resting spent in this place.
 E = Time spent auto-exploring this place.
 F = Levels seen in this place.
 G = Mean time per level.
                   A        B        C        D        E       F      G
               +--------+--------+--------+--------+--------+-----+--------+
         Total |   5016 |   4907 |    109 |    697 |   3233 |   8 |  627.0 |
       Dungeon |   4691 |   4582 |    109 |    497 |   3170 |   5 |  938.2 |
         Abyss |    325 |    325 |      0 |    200 |     63 |   3 |  108.3 |
               +--------+--------+--------+--------+--------+-----+--------+

Top non-repeatable levels by time:
     D:3: 1469 daAuts
     D:1: 1243 daAuts
     D:2: 1209 daAuts
     D:4: 728 daAuts
 Abyss:1: 257 daAuts
 Abyss:2: 42 daAuts
     D:5: 40 daAuts
 Abyss:3: 26 daAuts
